 Dungeon Crawl Stone Soup version 0.28-a0-1524-ge72afd5fc6 (webtiles) character file.

Game seed: 3948958854781202811

35 psuckher the Sneak (level 3, -2/30 HPs)
             Began as a Barachi Delver on Jan 17, 2022.
             Succumbed to an adder's poison
             ... on level 5 of the Dungeon.
             The game lasted 00:00:49 (324 turns).

psuckher the Sneak (Barachi Delver)                  Turns: 324, Time: 00:00:50

Health: -2/30      AC:  3    Str: 15    XL:     3   Next: 35%
Magic:  3/3        EV: 12    Int: 10    God:
Gold:   0          SH:  0    Dex: 13    Spells: 2/2 levels left

rFire   . . .      SeeInvis .   a - +0 falchion
rCold   . . .      Faith    .   (no shield)
rNeg    . . .      Spirit   .   b - +0 leather armour
rPois   .          Reflect  .   (no helmet)
rElec   .          Harm     .   (no cloak)
rCorr   .          Rampage  .   (no gloves)
Will    .....                   (no boots)
Stlth   +++.......              (no amulet)
HPRegen 0.10/turn               (no ring)
MPRegen 0.08/turn               (no ring)

@: brilliant, lethally poisoned (-2 -> -11), slow
A: amphibious, slowness 1, strong legs 1, +LOS
a: Hop


You were on level 5 of the Dungeon.
You visited 1 branch of the dungeon, and saw 1 of its levels.

Inventory:

Hand Weapons
 a - a +0 falchion (weapon)
Armour
 b - a +0 leather armour (worn)
Jewellery
 h - a ring of positive energy
Wands
 g - a wand of digging (3)
Scrolls
 c - a scroll of fog
 d - a scroll of magic mapping
 e - a scroll of fear
Potions
 f - a potion of haste


   Skills:
 + Level 3.9 Fighting
 + Level 2.6 Long Blades
 + Level 2.3 Dodging
 + Level 5.2 Stealth


You had 2 spell levels left.
You didn't know any spells.
Your spell library was empty.

Dungeon Overview and Level Annotations

Branches:
Dungeon (5/15)
 Temple: D:4-7

Altars:


Innate Abilities, Weirdness & Mutations

You are amphibious.
You cover ground slowly.
You can hop short distances.
You have an extended range of vision and can be seen from far away.


Message History

Found a puce potion.
An adder comes into view.
You see here a puce potion.
You see here a puce potion.
i - a puce potion The adder hisses angrily.
You hit the adder but do no damage. The adder bites you. x2
You barely miss the adder. The adder closely misses you. x2
You barely miss the adder. The adder bites you.
You are poisoned.
The adder poisons you!
You barely miss the adder.
You feel sick. The adder bites you.
You are more poisoned.
The adder poisons you! The adder bites you.
You completely miss the adder.
You feel sick. The adder barely misses you.
You hit the adder.
The adder is lightly wounded.
You feel sick. The adder bites you.
* * * LOW HITPOINT WARNING * * *
You are lethally poisoned!
The adder poisons you! The adder bites you but does no damage.
You closely miss the adder.
The adder is lightly wounded.
* * * LOW HITPOINT WARNING * * *
You feel very sick. The adder misses you.
You barely miss the adder.
The adder is lightly wounded.
* * * LOW HITPOINT WARNING * * *
You feel sick. The adder barely misses you. The adder bites you.
* * * LOW HITPOINT WARNING * * *
You are more poisoned.
The adder poisons you!
It was a potion of brilliance.
You feel clever all of a sudden.
* * * LOW HITPOINT WARNING * * *
You feel sick. The adder completely misses you.
You hit the adder.
The adder is moderately wounded.
You die...

#######.# ####'###
#......# #......#
#......# ####......#
..........#
#########.###########.#
#........@S....#
#....########### #.##.#
#. .... #.#..### #.#..#
#.#..# #.#..# #.#..#


You could see an adder.

Vanquished Creatures
  A howler monkey (D:5)
1 creature vanquished.

Notes
Turn   | Place    | Note
-------+----------+-------------------------------------------
     0 | D:5      | psuckher the Barachi Delver began the quest for the Orb.
     0 | D:5      | Reached XP level 1. HP: 18/18 MP: 1/1
    35 | D:5      | Noticed a howler monkey
    47 | D:5      | Killed a howler monkey
    48 | D:5      | Reached skill level 5 in Stealth
    48 | D:5      | Reached XP level 2. HP: 1/25 MP: 2/2
    48 | D:5      | Reached XP level 3. HP: 2/30 MP: 3/3
   323 | D:5      | HP: 1/30 [poisoned by an adder]
   324 | D:5      | Succumbed to an adder's poison

Illustrated notes

Levels and vault maps discovered:
D:5:      layout_basic, demons_altar

Skill      XL: |  1 |
---------------+----+-----
Stealth        | 5 |  5.2
Fighting       | |  3.9
Long Blades    | |  2.6
Dodging        | |  2.3

Action                   || total
-------------------------++-------
Melee: Falchion          ||    15
  Use: Potion            ||     1
Armor: Leather armour    ||     1
Dodge: Dodged            ||    10

Table legend: (Time is in decaauts)
 A = Elapsed time spent in this place.
 B = Non-inter-level travel time spent in this place.
 C = Inter-level travel time spent in this place.
 D = Time resting spent in this place.
 E = Time spent auto-exploring this place.
 F = Levels seen in this place.
 G = Mean time per level.
                   A        B        C        D        E       F      G
               +--------+--------+--------+--------+--------+-----+--------+
         Total |    387 |    387 |      0 |      0 |      0 |   1 |  387.0 |
       Dungeon |    387 |    387 |      0 |      0 |      0 |   1 |  387.0 |
               +--------+--------+--------+--------+--------+-----+--------+

Top non-repeatable levels by time:
     D:5: 387 daAuts
